Cogmind - Beta 13 @@@ ROGUE MODE // 2024.04.05 @ 15:03:13 Player: Olafz Result: Destroyed by Y-45 Defender with Beam Rifle Performance ------------- Evolutions (1) 500 Regions Visited (4) 800 Robots Destroyed (52) 260 Value Destroyed (1097) 1097 Prototype IDs (2) 40 Alien Tech Used (0) 0 Bonus (81) 81 TOTAL SCORE: 2778 Bonus ------- High Alert Combat Kills 81 Cogmind --------- Core Integrity 0/400 Matter 266/300 Energy 85/280 System Corruption 7% Temperature Cool (11) Movement Treading (160) Location -9/Storage Parts ------- > --- POWER (1) -------- Heavy Ion Engine > --- PROPULSION (2) --- Light Treads Improved Treads > --- UTILITY (4) ------ Heat Sink Medium Storage Unit Machine Analyzer Signal Interpreter > --- WEAPON (2) ------- Light Assault Rifle Mace > --- INVENTORY (10) --- Light Ion Engine Heavy Ion Engine Improved Treads Improved Treads Small Storage Unit Mace Peak State ------------ > --- POWER ------------ Cooled Ion Engine > --- PROPULSION ------- Improved Treads Improved Treads > --- UTILITY ---------- Heat Sink Medium Storage Unit Machine Analyzer > --- WEAPON ----------- Mace Mace > --- INVENTORY -------- Ion Engine Ion Engine Light Ion Engine Improved Treads Improved Treads Small Storage Unit Assault Rifle Light Assault Rifle [Rating: 17] Favorites ----------- Power Ion Engine Engine Ion Engine Propulsion Improved Treads Treads Improved Treads Utility Medium Storage Unit Device Heat Sink Storage Medium Storage Unit Processor Visual Processing Unit Protection Hardened Light Armor Plating Weapon Mace Ballistic Gun Assault Rifle Launcher Grenade Launcher Impact Weapon Mace Slashing Weapon Mining Claw Build | -11 -10 -10 -9 -9 ------- Run | Yrd Mat Min Mat Sto Slots Evolved 2 | . . . 2 . Power . | . . . . . Propulsion . | . . . . . Utility 2 | . . . 2 . Weapon . | . . . . . Parts Attached 30 | 6 2 1 3 18 Power 4 | 1 . . . 3 Engine 4 | 1 . . . 3 Core . | . . . . . Reactor . | . . . . . Propulsion 9 | 2 . . 1 6 Treads 9 | 2 . . 1 6 Leg . | . . . . . Wheel . | . . . . . Hover . | . . . . . Flight . | . . . . . Utility 8 | 1 2 . 2 3 Device 2 | . . . 1 1 Storage 2 | 1 1 . . . Processor 3 | . 1 . . 2 Hackware . | . . . . . Protection 1 | . . . 1 . Artifact . | . . . . . Weapon 9 | 2 . 1 . 6 Energy Gun . | . . . . . Energy Cannon . | . . . . . Ballistic Gun 5 | 2 . . . 3 Ballistic Cannon . | . . . . . Launcher 1 | . . 1 . . Special Weapon . | . . . . . Impact Weapon 2 | . . . . 2 Slashing Weapon 1 | . . . . 1 Piercing Weapon . | . . . . . Special Melee Weapon . | . . . . . Unidentified Prototypes 2 | . . . . 2 Parts Lost 9 | . . . . 9 Power 1 | . . . . 1 Propulsion 3 | . . . . 3 Utility 3 | . . . . 3 Weapon 2 | . . . . 2 Highest Loss Streak 2 | . . . . 2 To Critical Strikes . | . . . . . Average Slot Usage (%) 91 | . 89 100 92 90 Engine 11 | . 14 14 11 10 Treads 21 | . 28 28 22 19 Device 9 | . . . 8 11 Storage 11 | . 14 14 11 11 Processor 10 | . 3 14 11 11 Protection 3 | . . . 5 3 Ballistic Gun 10 | . 28 24 11 6 Launcher 4 | . . 4 11 3 Impact Weapon 7 | . . . . 10 Naked Turns . | . . . . . Heaviest Build 28 | 13 18 20 27 28 Greatest Support 46 | 40 40 40 40 46 Greatest Overweight (x) . | . . . . . Average Overweight (x) . | . . . . . Largest Inventory Capacity 10 | 8 10 10 10 10 Average Capacity 9 | 7 8 10 10 10 Most Carried 10 | 2 3 4 8 10 Average Carried 6 | 1 2 3 5 8 Final Capacity 10 | 8 10 10 10 10 Final Carried 8 | 2 3 4 8 6 Class Distribution -------------------- 95% | Mutant 4% | Scavenger-Mutant Dominant Class ---------------- Mutant | -10/Materials Mutant | -10/Mines Mutant | -9/Materials Mutant | -9/Storage Resources | -11 -10 -10 -9 -9 ----------- Run | Yrd Mat Min Mat Sto Matter Collected 1062 | 234 12 109 103 604 Remotely . | . . . . . Salvage Created 1498 | . 100 67 200 1131 Parts 97 | . 3 4 14 76 Haulers Intercepted 2 | . . . 1 1 Recyclers Shooed 3 | . . . . 3 Parts Field Recycled . | . . . . . Retrieved Matter . | . . . . . Parts Self-Destructed . | . . . . . Prevented . | . . . . . Kills | -11 -10 -10 -9 -9 ------- Run | Yrd Mat Min Mat Sto Combat Hostiles Destroyed 26 | . 2 1 . 23 Melee 2 | . . . . 2 Guns 15 | . 2 1 . 12 AOE 5 | . . . . 5 Classes Destroyed 11 | . 2 1 5 3 Worker 9 | . . . 4 5 Builder 6 | . . . 1 5 Tunneler 1 | . . 1 . . Hauler 2 | . . . 1 1 Recycler 3 | . . . 1 2 Mechanic 1 | . . . . 1 Operator 1 | . . . 1 . Watcher 3 | . 1 . . 2 Swarmer 3 | . . . . 3 Grunt 19 | . 2 1 . 16 Sentry 4 | . . . . 4 Best Kill Streak 5 | . 2 2 5 5 Combat Bots Only 3 | . 1 1 . 3 Max Kills in Single Turn 3 | . 1 1 1 3 Gunslinging . | . . . . . Exploded 2 | . . . . 2 Melee 1 | . . . . 1 Uniques/NPCs Destroyed . | . . . . . Combat | -11 -10 -10 -9 -9 -------- Run | Yrd Mat Min Mat Sto Hostile Shots Fired 196 | . 20 2 . 174 Missed 50 | . 3 . . 47 Damage Taken 2241 | . 245 23 175 1798 Core 475 | . 58 12 39 366 Absorbed by Shields 232 | . . . 46 186 Core Remaining (%) 86 | 100 . 72 . . Volleys Fired 127 | . 14 4 13 96 Largest 2 | . 2 2 2 2 Hottest 53 | . 40 40 50 53 Shots Fired 176 | . 28 8 23 117 Gun 148 | . 28 8 13 99 Cannon . | . . . . . Launcher 28 | . . . 10 18 Special . | . . . . . Kinetic 148 | . 28 8 13 99 Thermal . | . . . . . Explosive 28 | . . . 10 18 Electromagnetic . | . . . . . Robot Hit Streak 7 | . 4 7 6 5 Robot Miss Streak 4 | . 2 1 3 4 Penetration Max . | . . . . . Secondary Targets . | . . . . . Shots Hit Robots 127 | . 20 5 13 89 Core Hits 66 | . 8 4 12 42 Critical Kills 2 | . . . . 2 Critical Parts Destroyed 3 | . . . . 3 Critical Strikes 5 | . . . . 5 Smash 5 | . . . . 5 Melee Attacks 123 | . . . . 123 Impact 123 | . . . . 123 Slashing . | . . . . . Piercing . | . . . . . Sneak Attacks 11 | . . . . 11 Combat Hostiles . | . . . . . Follow-up Attacks 4 | . . . . 4 Damage Inflicted 3045 | 3 196 55 384 2407 Guns 960 | . 196 53 67 644 Cannons . | . . . . . Explosions 644 | . . . 312 332 Melee 1423 | . . . . 1423 Ramming 18 | 3 . 2 5 8 Kinetic 960 | . 196 53 67 644 Thermal . | . . . . . Explosive 644 | . . . 312 332 Electromagnetic . | . . . . . Impact 1423 | . . . . 1423 Slashing . | . . . . . Piercing . | . . . . . Highest Corruption 7 | . . . . 7 Average Corruption 6 | . . . . 6 Corruption Purged . | . . . . . Corruption Blocked . | . . . . . Effects 26 | . . . . 26 Message Errors 4 | . . . . 4 Matter Fused 3 | . . . . 3 Heat Flow Errors 3 | . . . . 3 Energy Discharges 4 | . . . . 4 Data Loss (minor) 8 | . . . . 8 Misfires 3 | . . . . 3 Alerts 1 | . . . . 1 Overload Shots . | . . . . . Overflow Damage 490 | . . . . 490 Projectiles . | . . . . . Explosions . | . . . . . Melee 490 | . . . . 490 Knockbacks 8 | . . . . 8 Impact 8 | . . . . 8 Kinetic . | . . . . . Secondary . | . . . . . Self-Inflicted Damage 100 | . . . 27 73 Shots 8 | . . . 3 5 Rammed 6 | 1 . 1 3 1 Targets Rammed 6 | 1 . 1 3 1 Kicked . | . . . . . Crushed . | . . . . . Highest Temperature 232 | . 28 6 . 232 Average Temperature 37 | . 12 6 . 50 Received Heat Transfer 715 | . 144 12 . 559 Siege Activations . | . . . . . Robots Corrupted . | . . . . . Combat Hostiles . | . . . . . Parts Fried 15 | . . . . 15 Impact Corruptions 21 | . . . . 21 Robots Melted . | . . . . . Combat Hostiles . | . . . . . Parts Melted . | . . . . . Heat Transferred . | . . . . . Parts Sabotaged . | . . . . . Parts Stolen . | . . . . . Parts Stripped . | . . . . . Power Chain Reactions . | . . . . . Alert | -11 -10 -10 -9 -9 ------- Run | Yrd Mat Min Mat Sto Peak Influence 549 | . 87 68 243 549 Initial 102 | . . 33 26 102 Average 250 | . 32 50 81 345 Maximum Alert Level 2 | . . . 1 2 Low Security (%) 38 | 100 100 100 95 10 Level 1 39 | . . . 4 57 Level 2 22 | . . . . 32 Level 3 . | . . . . . Level 4 . | . . . . . Level 5 . | . . . . . High Security . | . . . . . Max Security . | . . . . . Squads Dispatched 9 | . . 1 . 8 Investigation 4 | . . 1 . 3 Extermination . | . . . . . Reinforcement 4 | . . . . 4 Assault . | . . . . . Garrison 1 | . . . . 1 Intercept . | . . . . . Searches Triggered . | . . . . . Construction Impeded 1 | . . . . 1 Haulers Reinforced . | . . . . . Active Scanning Responses . | . . . . . Cargo Convoy Interrupts . | . . . . . Stealth | -11 -10 -10 -9 -9 --------- Run | Yrd Mat Min Mat Sto Distress Signals 7 | . 1 2 . 4 Communications Jammed . | . . . . . Distress Signals . | . . . . . Times Spotted 38 | . 4 1 2 31 Peak Tracking Total 5 | . 3 1 2 5 Tactical Retreats 3 | . . . . 3 Traps | -11 -10 -10 -9 -9 ------- Run | Yrd Mat Min Mat Sto Traps Triggered . | . . . . . Indirectly . | . . . . . Trap Hack Attempts . | . . . . . Triggered . | . . . . . Disarmed . | . . . . . Reprogrammed . | . . . . . Reused . | . . . . . Traps Extracted . | . . . . . Installed . | . . . . . Triggered . | . . . . . Machines | -11 -10 -10 -9 -9 ---------- Run | Yrd Mat Min Mat Sto Machines Disabled 7 | . . . 4 3 Max in Single Turn 2 | . . . 2 1 Machines Repaired . | . . . . . Machines Dismantled . | . . . . . Machines Sabotaged . | . . . . . Overloaded Fab Kills . | . . . . . Hacking | -11 -10 -10 -9 -9 --------- Run | Yrd Mat Min Mat Sto Machines Accessed 9 | . 1 1 2 5 Terminals 8 | . 1 1 2 4 Fabricators . | . . . . . Repair Stations . | . . . . . Recycling Units 1 | . . . . 1 Scanalyzers . | . . . . . Garrison Access . | . . . . . Total Hacks 30 | . 2 3 10 15 Successful 6 | . . . . 6 Failed 24 | . 2 3 10 9 Catastrophic 6 | . 1 1 3 1 Database Lockouts . | . . . . . Manual 17 | . 2 3 6 6 Terminals 27 | . 2 3 10 12 Fabricators . | . . . . . Repair Stations . | . . . . . Recycling Units 3 | . . . . 3 Scanalyzers . | . . . . . Garrison Access . | . . . . . Terminal Hacks 4 | . . . . 4 Open Door 1 | . . . . 1 Branch Access Points 1 | . . . . 1 Hauler Manifests 1 | . . . . 1 Registered Components 1 | . . . . 1 Fabricator Hacks . | . . . . . Repair Station Hacks . | . . . . . Recycling Unit Hacks 1 | . . . . 1 Retrieve Components 1 | . . . . 1 Scanalyzer . | . . . . . Garrison Access Hacks . | . . . . . Unauthorized Hacks 1 | . . . . 1 Terminals . | . . . . . Fabricators . | . . . . . Repair Stations . | . . . . . Recycling Units 1 | . . . . 1 Tunnel 1 | . . . . 1 Scanalyzers . | . . . . . Garrison Access . | . . . . . Data Cores Recovered 1 | . . . 1 . Used . | . . . . . Hacking Detections 9 | . 1 1 2 5 Full Trace Events 4 | . 1 1 . 2 Feedback Events . | . . . . . Feedback Blocked . | . . . . . Robot Schematics Acquired . | . . . . . Robots Built . | . . . . . Authchips . | . . . . . Time . | . . . . . Total Robot Build Rating . | . . . . . Part Schematics Acquired . | . . . . . Parts Built . | . . . . . Authchips . | . . . . . Time . | . . . . . Total Part Build Rating . | . . . . . Parts Repaired . | . . . . . Time . | . . . . . Parts Recycled . | . . . . . Recycled Matter . | . . . . . Retrieved Matter . | . . . . . Retrieved Components 4 | . . . . 4 Parts Scanalyzed . | . . . . . Part Schematics Acquired . | . . . . . Parts Damaged . | . . . . . Bothacking | -11 -10 -10 -9 -9 ------------ Run | Yrd Mat Min Mat Sto Used RIF Installer . | . . . . . Robots Hacked . | . . . . . Non-combat . | . . . . . Combat . | . . . . . Robot Hacks Applied . | . . . . . Relay Couplers Released . | . . . . . Fabnet Peak Effective % . | . . . . . Robots Rewired . | . . . . . Allies Hacked . | . . . . . Hacks Repelled . | . . . . . Allies | -11 -10 -10 -9 -9 -------- Run | Yrd Mat Min Mat Sto Total Allies . | . . . . . Largest Group . | . . . . . Highest-Rated Group . | . . . . . Highest-Rated Ally . | . . . . . Total Orders . | . . . . . Ally Attacks . | . . . . . Total Damage . | . . . . . Kills . | . . . . . Allies Corrupted . | . . . . . Allies Melted . | . . . . . Intel | -11 -10 -10 -9 -9 ------- Run | Yrd Mat Min Mat Sto Robot Analysis Total . | . . . . . Derelict Logs Recovered . | . . . . . Drone Launches . | . . . . . Drone Recoveries . | . . . . . Exploration | -11 -10 -10 -9 -9 ------------- Run | Yrd Mat Min Mat Sto Turns Passed 2044 | 89 150 143 284 1378 Spaces Moved 877 | 52 68 78 148 531 Core 5 | 5 . . . . Treads 872 | 47 68 78 148 531 Legs . | . . . . . Wheels . | . . . . . Hover . | . . . . . Flight . | . . . . . Fastest Speed 50 | 50 160 160 160 160 Average Speed 159 | 149 160 160 160 160 Slowest Speed 160 | 160 160 160 160 160 Overloaded Moves . | . . . . . Propulsion Burnouts . | . . . . . Robots Hopped . | . . . . . Cave-ins Triggered 3 | . . . 1 2 Exploration Rate (%) 21 | 4 17 22 14 50 Regions Visited 4 Branch Regions 2 Pre-discovered Areas 1 | . . . . 1 Known Exits Taken . | . . . . . Unknown Exits Taken 4 | 1 1 1 1 . Scrap Searched 1 | . . 1 . . Spaces Dug 17 | . . . . 17 Terrain Destroyed 208 | . . . 125 83 Melee 1 | . . . . 1 Projectile . | . . . . . AOE 207 | . . . 125 82 Terrain Rammed . | . . . . . Walls Destroyed . | . . . . . Machines Disabled . | . . . . . Actions | -11 -10 -10 -9 -9 --------- Run | Yrd Mat Min Mat Sto Total 1165 | 60 83 89 169 764 Wait 5 | . . 5 . . Move 873 | 51 67 77 147 531 Hop . | . . . . . Pick Up 11 | 2 . . 3 6 Fast Attach 16 | 6 1 1 2 6 Attach 7 | . . . . 7 Detach 2 | . . 1 . 1 Swap 7 | . 1 . 1 5 Drop 9 | . . . . 9 Fire 127 | . 14 4 13 96 Melee 102 | . . . . 102 Ram . | . . . . . Kick . | . . . . . Crush 6 | 1 . 1 3 1 Escape Stasis . | . . . . . Rewire . | . . . . . Trap . | . . . . . Miscellaneous . | . . . . . Route ------- -11/Scrapyard -10/Materials -10/Mines -9/Materials -9/Storage (discovered 2 exits: [*Mat] / Rec) History --------- Turn | Location | Event 9 | -11/Scrapyard | Discovered new exit (range 15) 90 | -11/Scrapyard | Entered Materials 216 | -10/Materials | Discovered new exit (range 9) 240 | -10/Materials | Entered Mines 316 | -10/Mines | Build established: Mutant 336 | -10/Mines | YI-UF0 nonchalantly dropped a Grenade Launcher on the ground 361 | -10/Mines | Discovered new exit (range 8) 383 | -10/Mines | Entered Materials 383 | -9/Materials | Evolved 2 slots: Utility x2 560 | -9/Materials | Discovered new exit (range 14) 632 | -9/Materials | Crushed by falling debris 667 | -9/Materials | Entered Storage 729 | -9/Storage | Identified exit to Recycling 1042 | -9/Storage | Crushed by falling debris 1247 | -9/Storage | Crushed by falling debris 1705 | -9/Storage | Core integrity fell below 50% 1900 | -9/Storage | Discovered new exit (range 16) 2006 | -9/Storage | Core integrity fell below 20% 2016 | -9/Storage | Garrison activated, responded to threat 2045 | -9/Storage | Destroyed by Y-45 Defender with Beam Rifle Last Messages --------------- 02004_ System corrupted: IFF burst signal emitted. 02007_ K-01 Serf collects debris. 02009_ Cld. Ion Engine destroyed. 02009_ Critical hit (Burn: +37). 02009_ Lgt. Treads destroyed. 02011_ Y-45 Defender destroyed. 02011_ K-01 Serf collects debris. 02012_ R-06 Scavenger collects Heat Sink. 02014_ K-01 Serf collects debris. 02016_ R-06 Scavenger calls for garrison support. 02016_ ALERT: Activating Garrison Access S001. 02017_ Y-45 Defender emerges from the garrison. 02018_ K-01 Serf collects debris. 02018_ K-01 Serf destroyed. 02030_ Acquired Lgt. Treads. 02031_ Acquired 50 matter. 02042_ Identified Hvy. Ion Engine. 02045_ System corrupted: Component data lost. Map ----- +----------------------------------------------------+ | ?????????????????# #?????????????????????? | | ?????????????????# #?????????????????????? | | ?????????????????# #?????????????????????? | | ?????????????????# #?????????????????????? | | ?????????????????# #?????????????????????? | | ?????????????????# #?????????????????????? | | ?????????????????# #?????????????????????? | | ???###???????????+ +?????????????????????? | | ??##T#???????????# #?????????????????????? | | ??# "???????????# #?????????###?????????? | | ??# "???????????# #?????????# ?????????? | | ??# %#???????????# #?????#+#?# "?????????? | | ###+############## ####### ### "???????#?? | | # =[ # "?????? #?? | | # * * + """""" #?? | | # % ** ^^ =%= # #?? | | ######+####################### # #?? | | # #?????????????"""#?# # #?? | | # """"%= #????????????#"G"#?# ###/##+####?? | | #?" *%=% #??????????###" "###+#?# #????? | | #?"""""% #??????????# #?# #????? | | #?????"" #??????????# """=% #?# #????? | | #??????" #??????????# """% *! ### #????? | | # """"" #??????????# """=[%= ""# #????? | | # #??????????# Y*!!! T"# ####????? | | ########+##?????????## @ !!! ""# #???????? | | ####???#%#??????????# * %!! ###!#???????? | | #???# #??????????## = == #?#!#???????? | | #???# #??????#########+##+##### ###?????? | | |##### ##### !! #?????? | | + ! +?????? | | ######## ^ #?????? | | ####????????####+#+#########+##### #?????? | | ????????????????????????? ???# +?????? | | """?????????????????????# ???# #?????? | | """?????????????????????# """# #?????? | | """?????????????????????# """# #?????? | | """?????????????????????# """# < #?????? | | ????????????????????????# """# #?????? | | ????????????????????????# """#####?????? | | ????????????????????????# ????????????? | | ????????????????????????# ????????????? | | ????????????????????????#######????????????? | | ???????????????????????????????????????????? | | ???????????????????????????????????????????? | | ??????"""??????????????????????????????????? | | ??????"""??????????????????????????????????? | | ??????"""??????????????????????????????????? | | ???????????????????????????????????????????? | | ???????????????????????????????????????????? | +----------------------------------------------------+ Best States ------------- Heat Dissipation 38 Energy Generation 14 Energy Capacity 280 Matter Stores 300 Matter Capacity 300 Sight Range 18 Terrain Scan Density 10 Armor Coverage 150 Evasion (%) 40 Recoil Reduction 2 Item Schematics ----------------- None Robot Schematics ------------------ None Fabricated ------------ Nothing Alien Tech Used ----------------- None Achievements -------------- None Challenges ------------ None Game ------ Seed SpacefoldAlloyShifter Manual? 0 Play Time 00:21:32 Cumulative 20.5 hours Start 2024.04.05 @ 14:44:37 End 2024.04.05 @ 15:03:13 Sessions 1 Manual Loads 0 Difficulty Rogue Special Mode None Game No. 54 Rogue 52 Adventurer 2 Explorer 0 Win Type - Total 0 Types 0/0/0/0/0/0/0/0/0 Lore% 18 Gallery% 23 Achievement% 21 Wizard Run 0 Options --------- Layout 1 ASCII 0 Keyboard 1 Movement Arrows Keybinds 0 Fullscreen 2 Font 24/Smallcaps Map View 50x35 Zoom Use 0% Tactical HUD 1 Map Filters NONE Filters NONE Steam 1 RUN: 059a991f-cd76-4ad4-9e0a-34d1da212765